 Dungeon Crawl Stone Soup version 0.29-a0-563-g64e4043184 (webtiles) character file.

Game seed: 4732304700610721627

29 spaghetti the Skirmisher (level 3, 0/29 HPs)
             Began as a Mummy Fighter on June 12, 2022.
             Slain by an orc wizard
             ... wielding a +0 dagger
              (2 damage)
             ... on level 2 of the Dungeon.
             The game lasted 00:01:24 (1143 turns).

spaghetti the Skirmisher (Mummy Fighter)            Turns: 1143, Time: 00:01:25

Health: 0/29       AC:  6    Str: 19    XL:     3   Next: 1%
Magic:  3/3        EV:  9    Int:  9    God:
Gold:   19         SH:  4    Dex: 11    Spells: 2/2 levels left

rFire   x . .      SeeInvis .     - Unarmed
rCold   + . .      Faith    .   b - +0 buckler
rNeg    + + +      Spirit   .   a - +0 scale mail rPois โˆž Reflect .
                                (no helmet)
rElec   .          Harm     .   (no cloak)
rCorr   .          Rampage  .   (no gloves)
Will    .....                   (no boots)
Stlth   ..........              (no amulet)
HPRegen 0.09/turn               (no ring)
MPRegen 0.08/turn               (no ring)

@: no status effects
A: cold resistance 1, negative energy resistance 3, torment resistance 2, heat
vulnerability 1, in touch with death 1, no potions
a: no special abilities


You were on level 2 of the Dungeon.
You visited 1 branch of the dungeon, and saw 2 of its levels.

You collected 19 gold pieces.


Innate Abilities, Weirdness & Mutations

You are immune to poison.
Your flesh is cold resistant. (rC+)
You are immune to negative energy. (rN+++)
You are immune to unholy pain and torment.
You are vulnerable to heat. (rF-)
You are in touch with the powers of death.
You do not drink.


   Skills:
 - Level 3.0 Fighting
 - Level 2.4 Armour
 - Level 2.4 Shields
 + Level 2.9 Unarmed Combat


You had 2 spell levels left.
You didn't know any spells.
Your spell library contained the following spells:

 Spells                   Type           Power      Damage    Failure   Level
 Gell's Gravitas          Tloc           0%         N/A       99%         3
 Lesser Beckoning         Tloc           0%         N/A       99%         3
 Teleport Other           Tloc           0%         N/A       99%         3
 Animate Dead             Necr           0%         N/A       100%        4
 Haunt                    Necr/Summ      0%         N/A       100%        7
 Infestation              Necr           0%         N/A       100%        8

Inventory:

Hand Weapons
 e - a +0 club {mace}
   (You found it on level 1 of the Dungeon)
 f - a +0 club {mace}
   (You took it off a goblin on level 1 of the Dungeon)
 g - a +0 short sword {short}
   (You took it off a kobold on level 1 of the Dungeon)
Missiles
 c - 56 stones (quivered) {throwing}
Armour
 a - a +0 scale mail (worn)
 b - a +0 buckler (worn)
Jewellery
 d - a ring of see invisible
   (You found it on level 1 of the Dungeon)

Dungeon Overview and Level Annotations

Branches:
Dungeon (2/15)

Altars:

........#.###+#+
#.........###.#
..............#
#########.#######
#................
#?#.#####.##.....
#ยง#.# #.# ....
#ยง#.# #.. ...
#@#.. .... ..
#{### ####. . #o#
.. ..# .. ###


You could see an orc.


Message History

You barely miss the orc. The orc barely misses you.
You hit the orc.
The orc hits you with a +0 mace. ๐Ÿ˜• HP[-4]
You take 4 damage, and now have 20/24 hp.
You are too injured to fight recklessly!
You are too injured to fight recklessly!
You are too injured to fight recklessly!
You are too injured to fight recklessly!
You are too injured to fight recklessly!
You are too injured to fight recklessly!
You are too injured to fight recklessly!
You are too injured to fight recklessly!
You are too injured to fight recklessly!
You are too injured to fight recklessly!
You are too injured to fight recklessly!
You are too injured to fight recklessly!
You are too injured to fight recklessly!
You are too injured to fight recklessly!
You hit the orc.
You kill the orc!
You have reached level 3!
Your experience leads to an increase in your attributes!
Increase (S)trength, (I)ntelligence, or (D)exterity?
You feel clever. x2
You feel more in touch with the powers of death. ๐Ÿ˜• HP[+4] MP[+1]
You now have 29 max hp (+5).
You regained 4 hp, and now have 24/29 hp.
Your mp is fully restored (3).
Something hits you.
Things that are here:
a +0 mace {mace}; an orc corpse; ๐Ÿ˜ฎ HP[-4]
You take 4 damage, and now have 20/29 hp.
You hit something but do no damage. Something hits you. ๐Ÿ˜ฎ HP[-2]
You take 2 damage, and now have 18/29 hp.
You closely miss something.
Something hits you but does no damage. ๐Ÿ˜ฎ HP[+1]
You closely miss something. You block something's attack.
You miss something. Something completely misses you.
You miss something. Something hits you. ๐Ÿ˜ฎ HP[-3]
You take 3 damage, and now have 16/29 hp.
You barely miss something. Something hits you. ๐Ÿ˜ฎ HP[-1]
You take 1 damage, and now have 15/29 hp.
You closely miss something. Something hits you but does no damage.
You miss something. Something hits you but does no damage.
You closely miss something. Something hits you.
* * * LOW HITPOINT WARNING * * *
๐Ÿ˜จ HP[-4]
You take 4 damage, and now have 11/29 hp.
You miss something. Something hits you but does no damage.
You barely miss something. Something hits you but does no damage.
Unknown command.
You miss something. You block something's attack.
You hit something but do no damage.
Something hits you but does no damage. ๐Ÿ˜จ HP[+1]
You hit something. Something hits you.
* * * LOW HITPOINT WARNING * * *
๐Ÿ˜จ HP[-2]
You take 2 damage, and now have 10/29 hp.
You hit something. Something hits you.
* * * LOW HITPOINT WARNING * * *
๐Ÿ˜จ HP[-2]
You take 2 damage, and now have 8/29 hp.
You hit something. Something hits you.
* * * LOW HITPOINT WARNING * * *
๐Ÿ˜ฑ HP[-1]
You take 1 damage, and now have 7/29 hp.
You miss something. Something hits you but does no damage.
You barely miss something. Something hits you but does no damage.
You hit something. Something hits you but does no damage.
You miss something. Something hits you but does no damage.
You miss something. Something hits you but does no damage.
You closely miss something. Something hits you.
* * * LOW HITPOINT WARNING * * *
๐Ÿ˜ฑ HP[-4]
You take 4 damage, and now have 3/29 hp.
You can't drink.
Unknown command.
You aren't carrying any items that you can evoke.
As you read the scroll labelled ODOQAE HIMM, it crumbles to dust.
The scroll dissolves into smoke.
It was a scroll of fog.
Something hits you.
* * * LOW HITPOINT WARNING * * *
๐Ÿ˜ฑ HP[-2]
You take 2 damage, and now have 1/29 hp.
Unknown command.
As you read the scroll labelled ROMIEKHLOUWE, it crumbles to dust.
It is a scroll of brand weapon.
Really abort (and waste the scroll)? [Y]es or [N]o only, please.
Really abort (and waste the scroll)? [Y]es or [N]o only, please.
Really abort (and waste the scroll)? [Y]es or [N]o only, please.
Really abort (and waste the scroll)?
Okay, then.
Something hits you.
You die...

Skill      XL: |  1 |
---------------+----+-----
Unarmed Combat | 2 |  2.9
Fighting       | |  3.0
Armour         | |  2.4
Shields        | |  2.4

Action                   || total
-------------------------++-------
Melee: Unarmed           ||    95
  Use: Scroll            ||     2
Armor: Scale mail        ||    42
Dodge: Dodged            ||    45
Block: Buckler           ||    20

Levels and vault maps discovered:
D:1:      dpeg_arrival_lava_temple_mockup, layout_rooms,
          shapermc_ecumenical_altar_venn
D:2:      layout_basic, minmay_misc_feat_iff, minmay_misc_feat_five

Notes
Turn   | Place    | Note
-------+----------+-------------------------------------------
     0 | D:1      | spaghetti the Mummy Fighter began the quest for the Orb.
     0 | D:1      | Reached XP level 1. HP: 18/18 MP: 1/1
     0 | D:1      | magus.rc [v1.9.6]
   189 | D:1      | Reached skill level 2 in Unarmed Combat
   316 | D:1      | Reached XP level 2. HP: 21/24 MP: 2/2
   354 | D:1      | Found a faded altar of an unknown god.
   502 | D:1      | HP: 6/24 [bat (1)]
   789 | D:1      | You pick up a book of Death and begin reading...
   789 | D:1      | You add the spells Animate Dead, Haunt and Infestation to
                  | your library.
   911 | D:1      | You pick up a book of Displacement and begin reading...
   911 | D:1      | You add the spells Lesser Beckoning, Gell's Gravitas and
                  | Teleport Other to your library.
  1119 | D:2      | Gained mutation: You are in touch with the powers of death.
                  | [Mummy growth]
  1119 | D:2      | Reached XP level 3. HP: 24/29 MP: 3/3
  1135 | D:2      | HP: 7/29 [something (1)]
  1141 | D:2      | HP: 3/29 [something (4)]
  1142 | D:2      | HP: 1/29 [something (2)]
  1143 | D:2      | Slain by an orc wizard

Vanquished Creatures
  2 dart slugs (D:1)
  An orc (D:2)
  A ball python (D:1)
  3 endoplasms (D:1)
  2 giant cockroaches (D:1)
  2 hobgoblins (D:1)
  2 quokkas (D:1)
  2 bats (D:1)
  3 frilled lizards (D:1)
  A goblin (D:1)
  A kobold (D:1)
  3 rats (D:1)
23 creatures vanquished.

Table legend:
 A = Non-vault XP
 B = Vault XP
 C = Vault XP percentage of total XP
 D = Non-vault monster count
 E = Vault monster count
 F = Vault count percentage of total count
                 A         B        C        D         E       F
            +---------+---------+-------+---------+---------+-------
      Total |      42 |       0 |   0.0 |      23 |       0 |   0.0
            +---------+---------+-------+---------+---------+-------
        D:1 |      39 |       0 |   0.0 |      22 |       0 |   0.0
        D:2 |       3 |       0 |   0.0 |       1 |       0 |   0.0
            +---------+---------+-------+---------+---------+-------

Illustrated notes

Table legend:
 A = Kills in this place as a percentage of kills in entire the game.
 B = Kills by you in this place as a percentage of kills by you in the entire game.
 C = Kills by friends in this place as a percentage of kills by friends in the entire game.
 D = Other kills in this place as a percentage of other kills in the entire game.
 E = Experience gained in this place as a percentage of experience gained in the entire game.
 F = Experience gained in this place divided by the number of levels of this place that you have seen.
                   A       B       C       D       E      F
               +-------+-------+-------+-------+-------+----------------------
         Total | 100.0 | 100.0 |   N/A |   N/A | 100.0 |  21.0
       Dungeon | 100.0 | 100.0 |   N/A |   N/A | 100.0 |  21.0
               +-------+-------+-------+-------+-------+----------------------

Table legend: (Time is in decaauts)
 A = Elapsed time spent in this place.
 B = Non-inter-level travel time spent in this place.
 C = Inter-level travel time spent in this place.
 D = Time resting spent in this place.
 E = Time spent auto-exploring this place.
 F = Levels seen in this place.
 G = Mean time per level.
                   A        B        C        D        E       F      G
               +--------+--------+--------+--------+--------+-----+--------+
         Total |   1142 |   1088 |     54 |     93 |    831 |   2 |  571.0 |
       Dungeon |   1142 |   1088 |     54 |     93 |    831 |   2 |  571.0 |
               +--------+--------+--------+--------+--------+-----+--------+

Top non-repeatable levels by time:
     D:1: 1089 daAuts
     D:2: 53 daAuts
